 Dungeon Crawl Stone Soup version 0.29.0-15-g675c0067aa (webtiles) character file.

Game seed: 7103243344899161879

7 qw the Chopper (level 1, -1/28 HPs)
             Began as a Minotaur Berserker on Sept 12, 2022.
             Was a Follower of Trog.
             Succumbed to a goblin's poison
             ... on level 1 of the Dungeon.
             The game lasted 00:00:08 (210 turns).

qw the Chopper (Minotaur Berserker)                  Turns: 210, Time: 00:00:08

Health: -1/28      AC:  2    Str: 21    XL:     1   Next: 91%
Magic:  0/0        EV: 12    Int:  4    God:    Trog [*.....]
Gold:   24         SH:  0    Dex:  9    Spells: 0/0 levels left

rFire   . . .      SeeInvis .   a - +0 hand axe
rCold   . . .      Faith    .   (no shield)
rNeg    . . .      Spirit   .   b - +0 animal skin
rPois   .          Reflect  .   (helmet restricted)
rElec   .          Harm     .   (no cloak)
rCorr   .          Rampage  .   (no gloves)
Will    .....                   (no boots)
Stlth   ..........              (no amulet)
HPRegen 0.09/turn               (no ring)
MPRegen 0.07/turn               (no ring)

@: berserking, lethally poisoned (-1 -> -27), very quick
A: horns 2, retaliatory headbutt
a: Renounce Religion, Berserk


You were on level 1 of the Dungeon.
You worshipped Trog.
Trog was aware of your devotion.
You visited 1 branch of the dungeon, and saw 1 of its levels.

You collected 24 gold pieces.


Innate Abilities, Weirdness & Mutations

You have a pair of horns on your head.
You reflexively headbutt those who attack you in melee.


   Skills:
 - Level 3.6 Fighting
 + Level 4.3 Axes
 - Level 2.4 Armour
 - Level 2.1 Dodging


You couldn't memorise any spells.
You didn't know any spells.
Your spell library was empty.

Inventory:

Hand Weapons
 a - a +0 hand axe (weapon)
 c - a +0 whip
Armour
 b - a +0 animal skin (worn)
Scrolls
 e - a scroll of butterflies {unknown}
 f - a scroll of identify {unknown}
 g - a scroll of acquirement {unknown}
Potions
 d - 2 potions of curing {unknown}

Dungeon Overview and Level Annotations

Branches:
Dungeon (1/15)

Altars:

Shops:
D:1 =*


Message History

The rat bites you but does no damage.
You closely miss the rat. You headbutt the rat.
You kill the rat!
Trog accepts your kill.
You now have 24 gold pieces (gained 13).
Found a mace.
There is an entrance to Werisch's Jewellery Emporium here.
197 ||| SHOPLISTING amulet of regeneration (420 gold, have 24).
You can access your shopping list by pressing '$'.
197 ||| SHOPLISTING amulet of the acrobat (420 gold, have 24).
You can access your shopping list by pressing '$'.
197 ||| SHOPLISTING ring of Moral Flaws {*Slow rF+ Will+ AC+4 Dex+3} (788 gold, have 24).
You can access your shopping list by pressing '$'.
197 ||| SHOPLISTING ring of poison resistance (280 gold, have 24).
You can access your shopping list by pressing '$'.
197 ||| SHOPLISTING ring of positive energy (280 gold, have 24).
You can access your shopping list by pressing '$'.
197 ||| SHOPLISTING ring of see invisible (210 gold, have 24).
You can access your shopping list by pressing '$'.
A goblin comes into view. It is wielding a +3 dagger of venom.
The goblin shouts!
You hit the goblin.
The goblin is heavily wounded.
The goblin hits you with a +3 dagger of venom.
You are poisoned.
You barely miss the goblin.
The goblin is heavily wounded.
You feel very sick.
The goblin hits you with a +3 dagger of venom.
You are more poisoned.
209 ||| INVOKING Berserk.
A red film seems to cover your vision as you go berserk!
You feel yourself moving faster!
You feel mighty!
You feel very sick.
The goblin hits you with a +3 dagger of venom.
You are more poisoned.
You slash the goblin!
You kill the goblin!
Trog accepts your kill.
You die...

#. #.# #.## ###.####
#######... ......
.........#####..#
................####
...................##
...............###..#
.....)........## ##.#
#.)@......# #.#
#.........# #.##
#......\..# #..###
#.........# ##....
#.........# #....
............. #....
............### #....
.?..........#
#.##.... ...........#
#.......


There were no monsters in sight!

Vanquished Creatures
  A ball python (D:1)
  An endoplasm (D:1)
  A goblin (D:1)
  3 kobolds (D:1)
  A frilled lizard (D:1)
  A rat (D:1)
8 creatures vanquished.

Notes
Turn   | Place    | Note
-------+----------+-------------------------------------------
     0 | D:1      | qw the Minotaur Berserker began the quest for the Orb.
     0 | D:1      | Reached XP level 1. HP: 19/19 MP: 0/0
     0 | D:1      | 0 ||| qw: Version: 0.1-a-119-g272c26d
     0 | D:1      | 0 ||| qw: Game counter: 10845
     0 | D:1      | 0 ||| qw: Always use a shield: true
     0 | D:1      | 0 ||| qw: Do Orc after D:15 true
     0 | D:1      | 0 ||| qw: Do second Lair branch before Depths: true
     0 | D:1      | 0 ||| qw: Lair rune preference: random
     0 | D:1      | 0 ||| qw: Plans: Normal
     0 | D:1      | 0 ||| PLANNING D:1-11
    22 | D:1      | 22 ||| Stepping ~*~*~tactically~*~*~ (stealth).
    24 | D:1      | 24 ||| Stepping ~*~*~tactically~*~*~ (stealth).
    33 | D:1      | 33 ||| Stepping ~*~*~tactically~*~*~ (stealth).
    37 | D:1      | 37 ||| Stepping ~*~*~tactically~*~*~ (stealth).
   115 | D:1      | Reached skill level 4 in Axes
   134 | D:1      | Found Joiwkogu's Assorted Antiques.
   142 | D:1      | 142 ||| SHOPLISTING fizzy white potion (27 gold, have 0).
   142 | D:1      | 142 ||| SHOPLISTING jade ring (150 gold, have 0).
   142 | D:1      | 142 ||| SHOPLISTING ring mail (120 gold, have 0).
   142 | D:1      | 142 ||| SHOPLISTING runed mace (180 gold, have 0).
   142 | D:1      | 142 ||| SHOPLISTING scroll labelled CAIRAU QOTTAI (30 gold,
                  | have 0).
   142 | D:1      | 142 ||| SHOPLISTING scroll labelled EDGHOY LEYDUA (30 gold,
                  | have 0).
   142 | D:1      | 142 ||| SHOPLISTING scroll labelled GEMYMU JINIRUS (30
                  | gold, have 0).
   142 | D:1      | 142 ||| SHOPLISTING scroll labelled GUIKKA CAUZYMU (30
                  | gold, have 0).
   142 | D:1      | 142 ||| SHOPLISTING viscous purple potion (27 gold, have
                  | 0).
   179 | D:1      | Found Werisch's Jewellery Emporium.
   197 | D:1      | 197 ||| SHOPLISTING amulet of regeneration (420 gold, have
                  | 24).
   197 | D:1      | 197 ||| SHOPLISTING amulet of the acrobat (420 gold, have
                  | 24).
   197 | D:1      | 197 ||| SHOPLISTING ring of Moral Flaws {*Slow rF+ Will+
                  | AC+4 Dex+3} (788 gold, have 24).
   197 | D:1      | 197 ||| SHOPLISTING ring of poison resistance (280 gold,
                  | have 24).
   197 | D:1      | 197 ||| SHOPLISTING ring of positive energy (280 gold, have
                  | 24).
   197 | D:1      | 197 ||| SHOPLISTING ring of see invisible (210 gold, have
                  | 24).
   209 | D:1      | 209 ||| INVOKING Berserk.
   209 | D:1      | HP: 3/28 [goblin/+3 dagger of venom (5)]
   210 | D:1      | Succumbed to a goblin's poison

Levels and vault maps discovered:
D:1:      lightli_arrival_lavapool, layout_basic, serial_shops, shop,
          nicolae_diamond_shop

Skill      XL: |  1 |
---------------+----+-----
Axes           | 4 |  4.3
Fighting       | |  3.6
Armour         | |  2.4
Dodging        | |  2.1

Action                   || total
-------------------------++-------
Melee: Hand axe          ||    13
       Headbutt          ||     1
Invok: Berserk           ||     1
Armor: Animal skin       ||     2
Dodge: Dodged            ||     6

Table legend:
 A = Non-vault XP
 B = Vault XP
 C = Vault XP percentage of total XP
 D = Non-vault monster count
 E = Vault monster count
 F = Vault count percentage of total count
                 A         B        C        D         E       F
            +---------+---------+-------+---------+---------+-------
      Total |      13 |       0 |   0.0 |       8 |       0 |   0.0
            +---------+---------+-------+---------+---------+-------
        D:1 |      13 |       0 |   0.0 |       8 |       0 |   0.0
            +---------+---------+-------+---------+---------+-------
